 Dungeon Crawl Stone Soup version 0.29.1-12-g30fa7ad0bf (webtiles) character file.

Game seed: 11932030521918955959

9 wormed the Covert (level 2, -4/29 HPs)
             Began as a Gnoll Delver on Dec 28, 2022.
             Slain by a scorpion (5 damage)
             ... on level 5 of the Dungeon.
             The game lasted 00:00:47 (281 turns).

wormed the Covert (Gnoll Delver)                     Turns: 281, Time: 00:00:48

Health: -4/29      AC:  3    Str: 11    XL:     2   Next: 12%
Magic:  2/2        EV: 13    Int:  9    God:
Gold:   17         SH:  0    Dex: 13    Spells: 1/1 levels left

rFire   . . .      SeeInvis .   a - +0 falchion
rCold   . . .      Faith    .   (no shield)
rNeg    . . .      Spirit   .   b - +0 leather armour
rPois   .          Reflect  .   (no helmet)
rElec   .          Harm     .   (no cloak)
rCorr   .          Rampage  .   (no gloves)
Will    .....                   (no boots)
Stlth   ++++......              (no amulet)
HPRegen 0.09/turn               (no ring)
MPRegen 0.08/turn               (no ring)

@: no status effects
A: fangs 1, strong nose, distributed training
a: no special abilities


You were on level 5 of the Dungeon.
You visited 1 branch of the dungeon, and saw 2 of its levels.

You collected 17 gold pieces.

Inventory:

Hand Weapons
 a - a +0 falchion (weapon)
Armour
 b - a +0 leather armour (worn)
Wands
 g - a wand of digging (3)
Scrolls
 c - a scroll of fog
 e - a scroll of fear
 h - a scroll of noise {unknown}
Potions
 f - a potion of haste


   Skills:
 + Level 6.4 Fighting
 + Level 0.3 Short Blades
 + Level 4.4 Long Blades
 + Level 0.3 Axes
 + Level 0.3 Maces & Flails
 + Level 0.3 Polearms
 + Level 0.3 Staves
 + Level 0.3 Ranged Weapons
 + Level 0.3 Throwing
 + Level 0.3 Armour
 + Level 4.4 Dodging
 + Level 9.5 Stealth
 + Level 0.3 Shields
 + Level 0.3 Unarmed Combat
 + Level 0.3 Spellcasting
 + Level 0.2 Conjurations
 + Level 0.2 Hexes
 + Level 0.2 Summonings
 + Level 0.2 Necromancy
 + Level 0.2 Translocations
 + Level 0.2 Transmutations
 + Level 0.2 Fire Magic
 + Level 0.2 Ice Magic
 + Level 0.2 Air Magic
 + Level 0.2 Earth Magic
 + Level 0.2 Poison Magic
 + Level 0.4 Invocations
 + Level 0.3 Evocations


You had one spell level left.
You didn't know any spells.
Your spell library was empty.

Dungeon Overview and Level Annotations

Branches:
Dungeon (6/15)
 Temple: D:4-7

Altars:


Innate Abilities, Weirdness & Mutations

You have very sharp teeth.
Your uncanny sense of smell can sniff out nearby items.
Your experience applies equally to all skills.


Message History

A sourceless malevolence fills the Dungeon...
With a horrendous wail, an alarm goes off!
A sentinel's mark forms upon you.
You hear a shout! x3; You hear an angry hiss.
You hear a shout!
You hear an angry hiss.
You hear a shout! x3; You hear an angry hiss. x2
Found a bubbling blue potion.
Okay, then.
An adder comes into view.
Found a plate armour and a black potion.
You hit the adder.
The adder is lightly wounded.
The adder barely misses you.
You hit the adder.
The adder is heavily wounded.
The adder barely misses you.
An iguana comes into view.
The adder bites you.
You are poisoned.
The adder poisons you!
You barely miss the adder. You bite the adder.
The adder is severely wounded.
You feel sick. The adder bites you but does no damage.
You slash the adder!
You kill the adder!
You feel sick.
You have reached level 2!
You feel sick.
Found a war axe and 17 gold pieces.
You feel sick.
You are no longer poisoned.
You barely miss the iguana. Your bite misses the iguana.
The iguana completely misses you. The iguana bites you.
The iguana completely misses you. The scorpion attacks as you move away!
The scorpion stings you but does no damage.
Found a dagger.
The iguana bites you. The iguana attacks as you move away!
The iguana bites you!
* * * LOW HITPOINT WARNING * * *
The sentinel's mark upon you fades away.
The scorpion stings you.
You die...

**,,* *,,* **.##
*..#### *.)..$# *#....#
#....#
*********#########..[!#
,,,,,,,,,....)..@s....#
*********#########.l..#
##### #....# ....#
#....# ...># #....#
....# ##.### ....# #.#
....# #.# ....# ###.##


You could see a scorpion and an iguana.

Vanquished Creatures
  An adder (D:5)
1 creature vanquished.

Notes
Turn   | Place    | Note
-------+----------+-------------------------------------------
     0 | D:5      | Reached skill level 9 in Stealth
     0 | D:5      | wormed the Gnoll Delver began the quest for the Orb.
     0 | D:5      | Reached XP level 1. HP: 23/23 MP: 1/1
    23 | D:5      | Noticed a scorpion
   144 | D:6      | Noticed a sky beast
   272 | D:5      | Noticed an iguana
   275 | D:5      | Reached XP level 2. HP: 23/29 MP: 2/2
   280 | D:5      | HP: 1/29 [iguana (12)]
   281 | D:5      | Slain by a scorpion

Illustrated notes

Levels and vault maps discovered:
D:5:      layout_rooms, minmay_crystal_water
D:6:      layout_cave_pods, mainiacjoe_overflow_small_starburst,
          gammafunk_ghost_split, nicolae_zen_rock_garden, lightli_orcish_oven

Skill      XL: | |
---------------+-+-----
Stealth        | |  9.5
Fighting       | |  6.4
Short Blades   | |  0.3
Long Blades    | |  4.4
Axes           | |  0.3
Maces & Flails | |  0.3
Polearms       | |  0.3
Staves         | |  0.3
Ranged Weapons | |  0.3
Throwing       | |  0.3
Armour         | |  0.3
Dodging        | |  4.4
Shields        | |  0.3
Unarmed Combat | |  0.3
Spellcasting   | |  0.3
Conjurations   | |  0.2
Hexes          | |  0.2
Summonings     | |  0.2
Necromancy     | |  0.2
Translocations | |  0.2
Transmutations | |  0.2
Fire Magic     | |  0.2
Ice Magic      | |  0.2
Air Magic      | |  0.2
Earth Magic    | |  0.2
Poison Magic   | |  0.2
Invocations    | |  0.4
Evocations     | |  0.3

Action                   || total
-------------------------++-------
Melee: Falchion          ||     5
       Bite              ||     1
  Use: Scroll            ||     1
Armor: Leather armour    ||     2
Dodge: Dodged            ||     4
